 Dungeon Crawl Stone Soup version 0.16.1-14-g82efdee (webtiles) character file.

90079 hulla the Spry (level 15, 0/136 HPs)
             Began as an Octopode Transmuter on Apr 12, 2015.
             Was the Champion of Makhleb.
             Killed from afar by an octopode crusher (32 damage)
             ... with an iron shot
             ... on level 1 of the Shoals.
             The game lasted 04:42:00 (30141 turns).

hulla the Spry (Octopode Transmuter)               Turns: 30141, Time: 04:42:02

Health: 0/136      AC: 10    Str: 10    XL:     15   Next: 99%
Magic:  24/36      EV: 20    Int: 22    God:    Makhleb [******]
Gold:   1949       SH:  0    Dex: 17    Spells: 6 memorised, 8 levels left

rFire  x . .     SeeInvis +     a - melded +9 blowgun
rCold  + + +     Clarity  .     (shield currently unavailable)
rNeg   . . .     SustAb   .     (helmet currently unavailable)
rPois  +         Gourm    .     P - amulet of regeneration
rElec  .         Spirit   .     f - ring of see invisible
rCorr  .         Warding  .     r - +5 ring of dexterity (curse)
rMut   .         Stasis   .     M - ring of stealth
MR     +....                    j - +3 ring of protection
Stlth  ++++......               K - ring of teleport control
                                F - ring of poison resistance
                                I - ring of magical power
                                q - ring of stealth

@: ice-form, somewhat resistant to hostile enchantments, stealthy
A: almost no armour, amphibious, 8 rings, (constrict 8), (camouflage 0),
(gelatinous body 0)
a: End Transformation, Minor Destruction, Lesser Servant of Makhleb, Major
Destruction, Greater Servant of Makhleb, Renounce Religion, Evoke Teleport
Control


You were on level 1 of the Shoals.
You worshipped Makhleb.
Makhleb was exalted by your worship.
You were hungry.
You were a creature of crystalline ice.
You visited 5 branches of the dungeon, and saw 24 of its levels.
You also visited: Ice Cave and Volcano.

You collected 1949 gold pieces.

Inventory:

Hand weapons
 a - a +9 blowgun (melded)
Missiles
 b - 259 arrows
 e - 63 stones (quivered)
 v - 33 poisoned needles
 Z - 36 arrows of frost
Magical staves
 t - an uncursed staff of summoning
Jewellery
 f - a ring of see invisible (left front paw)
 j - a +3 ring of protection (on tentacle)
 q - a ring of stealth (on tentacle)
 r - a cursed +5 ring of dexterity (right front paw)
 F - a ring of poison resistance (on tentacle)
 I - a ring of magical power (on tentacle)
 K - a ring of teleport control (on tentacle)
 M - a ring of stealth (on tentacle)
 P - an amulet of regeneration (around neck)
 X - an uncursed amulet of clarity
Magical devices
 d - a wand of paralysis (10)
 w - a wand of teleportation (4)
 N - a wand of hasting (9)
 S - a wand of heal wounds (4)
Scrolls
 l - 15 scrolls of remove curse
 o - 5 scrolls of fog
 s - 15 scrolls of identify
 y - a scroll of vulnerability {unknown}
 G - 4 scrolls of fear
 L - 4 scrolls of teleportation
 T - a scroll of acquirement {unknown}
 V - 3 scrolls of blinking
Potions
 g - 3 potions of haste
 i - 3 potions of restore abilities
 m - a potion of cancellation
 n - a potion of might
 A - 2 potions of heal wounds
 D - a potion of berserk rage
 H - 3 potions of flight {unknown}
 J - 3 potions of curing
 R - 3 potions of agility
 W - 3 potions of brilliance
 Y - a potion of beneficial mutation {unknown}
Books
 c - Ozocubu's Incunabulum of Harmful Ice
   (You found it in an ice cave)

   Spells                             Type                      Level
   a - Ensorcelled Hibernation        Hexes/Ice                    2
   b - Ozocubu's Armour               Charms/Ice                   3
   c - Bolt of Cold                   Conjuration/Ice              6
   d - Freezing Cloud                 Conjuration/Ice/Air          6
   e - Simulacrum                     Ice/Necromancy               6
   f - Ozocubu's Refrigeration        Ice                          6
Miscellaneous
 E - a lamp of fire
Comestibles
 h - 6 slices of pizza
 k - 12 bread rations
 p - 3 chunks of flesh
 u - 10 beef jerkies
 x - 4 fruits
 C - 6 meat rations


   Skills:
 + Level 14.8 Fighting
 - Level 15.0 Dodging
 - Level 14.0 Unarmed Combat
 - Level 5.0 Spellcasting
 - Level 3.0 Conjurations
 - Level 7.0 Transmutations
 - Level 5.2 Ice Magic
 - Level 3.0 Air Magic
 - Level 4.1 Poison Magic


You had 8 spell levels left.
You knew the following spells:

 Your Spells              Type           Power        Failure   Level  Hunger
a - Beastly Appendage     Trmt           #####.       1%          1    None
b - Spider Form           Trmt/Pois      ####......   3%          3    ##.....
c - Sticks to Snakes      Trmt           #####.....   1%          2    None
d - Ice Form              Ice/Trmt       ####....     12%         4    ####...
e - Mephitic Cloud        Conj/Pois/Air  ###.....     10%         3    ##.....
f - Ozocubu's Armour      Chrm/Ice       ###.....     12%         3    ##.....


Dungeon Overview and Level Annotations

Branches:
Dungeon (12/15)            Temple (1/1) D:4            Lair (8/8) D:9
 Shoals (1/5) Lair:5       Spider (0/5) Lair:4        Slime (0/6) Lair:6
    Orc (2/4) D:12

Altars:
Ashenzari
Cheibriados
Dithmenos
Elyvilon
Fedhas
Kikubaaqudgha
Makhleb
Nemelex Xobeh
Okawaru
Qazlal
Ru
Trog
Vehumet
Xom
Yredelemnul
Zin
Beogh
Jiyva
Lugonu

Shops:
D:8 *   D:11 }

Annotations:
D:7 trelanon's ghost, experienced FeBe
D:10 1 exclusion
Lair:5 exclusion: 4 oklob plants


Innate Abilities, Weirdness & Mutations

You cannot wear most types of armour.
You are amphibious.
You can wear up to eight rings at the same time.
((You can use your tentacles to constrict many enemies at once.))
((Your skin changes colour to match your surroundings (Stealth).))
((Your rubbery body absorbs attacks (AC +1).))


Message History

The octopode crusher is almost dead.
The octopode crusher is engulfed in noxious fumes.
The octopode crusher tentacle-slaps you!!
* * * LOW HITPOINT WARNING * * *
Casting: Mephitic Cloud
Confirm with . or Enter, or press ? or * to list all spells.
Okay, then.
Casting: Mephitic Cloud
Confirm with . or Enter, or press ? or * to list all spells.
Aiming: Mephitic Cloud
Press: ? - help, Shift-Dir - straight line, f/p - octopode crusher
Aim: an octopode crusher, wearing an embroidered hat and wearing a shield (noxious fumes, almost dead)
The ball explodes into a vile cloud!
The stinking cloud engulfs the octopode crusher.
The octopode crusher is almost dead.
The stinking cloud engulfs you!
The octopode crusher is engulfed in noxious fumes.
The octopode crusher stares at you and mumbles some strange words.
The iron shot hits you!
You die...

≈P≈......##≈≈≈..... ##≈(#
≈≈≈≈≈≈..##.≈≈..# ###8((#
≈≈≈≈≈≈≈.≈≈≈≈≈..#########.##≈≈##
≈≈≈≈≈≈≈≈≈≈≈≈≈...##.##....#8≈≈≈##
≈≈≈≈≈≈≈≈≈..≈≈≈...........##≈≈≈≈#
≈≈≈≈≈≈≈≈.....≈≈...##......##≈)x#
≈≈≈≈≈≈≈.####..≈§§..##......#≈≈≈#
≈≈≈≈≈..## ##.§x...........##(≈#
....... ##..§§Y.≈.........##'#
..#
##..###..###..≈≈.........)###
..# #.......###...P#......P≈≈≈≈≈
..##
###......##...>#......PP≈≈≈≈
...## #........PPP.......≈PPPP≈≈
≈.(.#
##}≈≈.............[.≈PPP≈≈.
...##
#..≈≈≈≈..≈P........≈≈P≈≈P≈. ...#
#..≈≈≈≈≈≈≈..###..≈≈≈≈≈≈≈≈≈.
...##
#....≈≈≈≈≈...##.≈≈≈≈≈≈≈≈≈≈≈


You could see an octopode crusher.

Vanquished Creatures
  A frost giant (IceCv)
  6 hydras
  The ghost of Vojta the Thaumaturge, a powerful DrWz of Vehumet (IceCv)
  Harold (Lair:3)
  Erica (Lair:5)
  A catoblepas (Lair:8)
  11 death yaks
  2 fire crabs
  Erolcha (D:10)
  4 hill giants
  2 sea snakes (Shoals:1)
  An ice statue (IceCv)
  4 harpies
  6 griffons
  3 ugly things
  7 manticores
  17 elephants
  A toenail golem (Volcano)
  A siren (Shoals:1)
  6 black mambas
  2 torpor snails
  16 spiny frogs
  2 centaur skeletons (D:12)
  13 komodo dragons
  7 fire drakes
  6 merfolk (Shoals:1)
  2 jumping spiders (Lair:4)
  22 polar bears
  2 two-headed ogres
  2 trolls
  13 slime creatures
  5 basilisks
  15 blink frogs
  A water elemental (Shoals:1)
  2 snapping turtles (Shoals:1)
  A wyvern (D:10)
  55 yaks
  2 redbacks (Lair:4)
  4 steam dragons
  18 hippogriffs
  A wraith (D:12)
  A hungry ghost (D:10)
  3 fire bats (Volcano)
  3 mottled dragons (Lair:8)
  21 wolves
  Edmund (D:6)
  14 water moccasins
  A warg (Orc:1)
  A swamp drake (Lair:8)
  14 porcupines
  6 black bears
  4 orc warriors
  A necrophage (D:10)
  A phantom (D:5)
  5 sky beasts
  9 ogres
  21 crocodiles
  6 ice beasts
  16 centaurs
  4 boring beetles
  Sigmund (D:6)
  Duvessa (D:8)
  27 giant frogs
  7 scorpions
  An electric eel (Lair:7)
  5 crimson imps
  17 killer bees
  3 wights (D:6)
  Dowan (D:8)
  A quasit (D:9)
  7 centaur zombies
  5 goliath beetles
  10 jellies
  2 lava snakes (Volcano)
  16 hounds
  13 orc priests
  15 iguanas
  A giant frog skeleton (D:9)
  18 orc wizards
  7 worker ants
  A killer bee zombie (D:9)
  2 hound skeletons (D:5)
  A mummy (D:11)
  29 adders
  64 river rats
  7 gnolls
  4 shadow imps
  2 giant mites
  A worm (D:2)
  15 oozes
  6 giant geckos
  88 orcs
  4 ball pythons
  2 bat zombies
  19 goblins
  13 hobgoblins
  4 jackals (D:11)
  12 quokkas
  13 bats
  A giant cockroach (D:3)
  A giant gecko zombie (D:9)
  2 giant newts
  20 kobolds
  A quokka skeleton (D:7)
  16 rats
  2 rat zombies (D:9)
  A fungus (Lair:7)
  3 plants
892 creatures vanquished.

Vanquished Creatures (collateral kills)
  2 hydras
  A water moccasin (Lair:5)
  A phantom (D:8)
  A giant frog (Lair:3)
  A gnoll shaman (D:10)
6 creatures vanquished.

Vanquished Creatures (others)
  An adder (Lair:8)
  6 fungi
  4 plants
11 creatures vanquished.

Grand Total: 909 creatures vanquished

Notes
Turn   | Place    | Note
--------------------------------------------------------------
     0 | D:1      | hulla, the Octopode Transmuter, began the quest for the Orb.
     0 | D:1      | Reached XP level 1. HP: 13/13 MP: 3/3
   306 | D:1      | Reached XP level 2. HP: 1/18 MP: 2/4
  1240 | D:1      | Reached XP level 3. HP: 15/23 MP: 6/6
  1245 | D:1      | Learned a level 3 spell: Spider Form
  1248 | D:1      | Learned a level 2 spell: Sticks to Snakes
  2025 | D:2      | Found a shimmering altar of Xom.
  2131 | D:2      | Reached skill level 1 in Poison Magic
  2389 | D:2      | Reached XP level 4. HP: 25/28 MP: 3/7
  2395 | D:2      | Reached skill level 4 in Transmutations
  2777 | D:3      | Reached XP level 5. HP: 29/33 MP: 9/9
  3863 | D:3      | Reached skill level 5 in Transmutations
  3934 | D:3      | Reached XP level 6. HP: 13/38 MP: 7/10
  4428 | D:4      | Found a staircase to the Ecumenical Temple.
  4439 | Temple   | Entered the Ecumenical Temple
  4452 | Temple   | Became a worshipper of Makhleb the Destroyer
  4474 | D:4      | Noticed an ogre
  4484 | D:4      | Killed an ogre
  4725 | D:4      | Reached XP level 7. HP: 12/43 MP: 10/12
  4731 | D:4      | Learned a level 4 spell: Ice Form
  5034 | D:4      | Found a bloodstained altar of Trog.
  5035 | D:4      | Found a sparkling altar of Nemelex Xobeh.
  5162 | D:4      | Reached skill level 1 in Ice Magic
  5587 | D:5      | Entered Level 5 of the Dungeon
  5697 | D:5      | Acquired Makhleb's first power
  6213 | D:5      | Reached XP level 8. HP: 42/48 MP: 13/13
  6265 | D:5      | Reached skill level 5 in Ice Magic
  6671 | D:5      | Reached skill level 6 in Transmutations
  6752 | D:5      | Found a sacrificial altar of Ru.
  6914 | D:5      | Found a shadowy altar of Dithmenos.
  7325 | D:6      | Found an iron altar of Okawaru.
  7359 | D:6      | Reached skill level 7 in Transmutations
  7444 | D:6      | Found a stormy altar of Qazlal.
  7481 | D:6      | Acquired Makhleb's second power
  7548 | D:6      | Reached skill level 5 in Dodging
  7568 | D:6      | Reached XP level 9. HP: 15/56 MP: 5/14
  7995 | D:6      | Found a white marble altar of Elyvilon.
  8112 | D:6      | Found a shadowy altar of Dithmenos.
  8115 | D:6      | Noticed Sigmund
  8126 | D:6      | Killed Sigmund
  8164 | D:6      | Noticed Edmund
  8174 | D:6      | Killed Edmund
  8403 | D:6      | Found a snail-covered altar of Cheibriados.
  8425 | D:6      | Acquired Makhleb's third power
  8877 | D:7      | Noticed trelanon's ghost (experienced FeBe)
  8936 | D:7      | Reached skill level 5 in Unarmed Combat
  9283 | D:7      | Acquired Makhleb's fourth power
  9673 | D:8      | Found a glowing silver altar of Zin.
  9706 | D:8      | Found Inulalad's General Store.
  9715 | D:8      | Reached skill level 5 in Fighting
  9769 | D:8      | Noticed a wandering mushroom
  9796 | D:8      | Noticed Duvessa
  9796 | D:8      | Noticed Dowan
  9832 | D:8      | Killed Duvessa
  9834 | D:8      | Killed Dowan
 10115 | D:8      | Found a radiant altar of Vehumet.
 10188 | D:8      | Reached XP level 10. HP: 68/68 MP: 10/16
 10981 | D:9      | Acquired Makhleb's fifth power
 11045 | D:9      | Found an ancient bone altar of Kikubaaqudgha.
 11399 | D:9      | Found a staircase to the Lair.
 11575 | D:9      | Found a snail-covered altar of Cheibriados.
 11664 | D:9      | Reached skill level 8 in Unarmed Combat
 12128 | D:10     | Entered Level 10 of the Dungeon
 12333 | D:10     | Noticed an unseen horror
 12479 | D:10     | Noticed Erolcha
 12508 | D:10     | Killed Erolcha
 12756 | D:10     | Reached skill level 5 in Spellcasting
 12757 | D:10     | Reached XP level 11. HP: 77/77 MP: 18/23
 13746 | D:11     | Found Acontaof's Gadget Shoppe.
 14316 | D:11     | Noticed a hill giant
 14328 | D:11     | Killed a hill giant
 14408 | D:11     | Reached skill level 9 in Dodging
 14784 | D:12     | Noticed a hill giant
 14802 | D:12     | Killed a hill giant
 15467 | D:12     | Found a roughly hewn altar of Beogh.
 15469 | D:12     | Found a staircase to the Orcish Mines.
 15511 | D:12     | Reached skill level 10 in Fighting
 15695 | D:12     | Noticed a hill giant
 15708 | D:12     | Noticed a seven-headed hydra
 15710 | D:12     | Killed a hill giant
 15710 | D:12     | Reached XP level 12. HP: 67/87 MP: 19/24
 15961 | D:12     | Noticed a hill giant
 15976 | D:12     | Killed a hill giant
 15976 | D:12     | Reached skill level 10 in Unarmed Combat
 16391 | D:12     | Reached skill level 11 in Unarmed Combat
 16754 | Orc:1    | Entered Level 1 of the Orcish Mines
 17418 | Lair:1   | Entered Level 1 of the Lair of Beasts
 17470 | Lair:1   | Found a dark tunnel.
 17477 | Volcano  | Entered a volcano
 17702 | Volcano  | Found a radiant altar of Vehumet.
 17862 | Lair:1   | Reached skill level 10 in Dodging
 18155 | Lair:1   | Learned a level 3 spell: Mephitic Cloud
 18542 | Lair:2   | Reached skill level 1 in Conjurations
 18542 | Lair:2   | Reached skill level 1 in Air Magic
 18719 | Lair:2   | Reached XP level 13. HP: 93/93 MP: 7/25
 20586 | Lair:3   | Noticed Harold
 20886 | Lair:4   | Found a frozen archway.
 20914 | IceCv    | Entered an ice cave
 20914 | IceCv    | Noticed Vojta's ghost (powerful DrWz)
 20937 | IceCv    | Killed Vojta's ghost
 20937 | IceCv    | Reached skill level 12 in Dodging
 21528 | IceCv    | Reached XP level 14. HP: 103/104 MP: 22/26
 21595 | IceCv    | Noticed a frost giant
 21834 | IceCv    | Killed a frost giant
 21883 | IceCv    | Identified Ozocubu's Incunabulum of Harmful Ice
 22346 | Lair:4   | Found a hole to the Spider Nest.
 22488 | Lair:4   | Reached skill level 13 in Fighting
 23240 | Lair:1   | Learned a level 3 spell: Ozocubu's Armour
 23322 | Lair:3   | Killed Harold
 24551 | Lair:5   | Noticed Erica
 24572 | Lair:5   | Killed Erica
 24995 | Lair:5   | Found a staircase to the Shoals.
 25311 | Lair:6   | Found a viscous altar of Jiyva.
 25311 | Lair:6   | Found a staircase to the Slime Pits.
 26168 | Lair:7   | Reached skill level 14 in Fighting
 26262 | Lair:7   | Reached XP level 15. HP: 113/113 MP: 22/27
 27133 | Lair:8   | Entered Level 8 of the Lair of Beasts
 27633 | Lair:8   | HP: 2/135 [fire dragon/blast of flame (52)]
 29054 | Shoals:1 | Entered Level 1 of the Shoals
 29128 | Lair:5   | Reached skill level 15 in Dodging
 30097 | Shoals:1 | Noticed an octopode crusher
 30141 | Shoals:1 | Killed from afar by an octopode crusher

Action                   |  1- 3 |  4- 6 |  7- 9 | 10-12 | 13-15 || total
-------------------------+-------+-------+-------+-------+-------++-------
Melee: Unarmed           |    95 |   120 |   406 |   794 |  1388 ||  2803
 Fire: Blowgun           |       |       |       |       |    92 ||    92
Throw: Javelin           |     2 |    20 |    41 |    30 |       ||    93
       Stone             |       |       |     1 |    35 |    32 ||    68
 Cast: Beastly Appendage |    11 |     2 |     4 |     2 |     4 ||    23
       Spider Form       |     3 |    14 |    39 |    31 |    24 ||   111
       Sticks to Snakes  |       |       |    17 |    54 |    56 ||   127
       Ice Form          |       |       |    13 |    71 |   119 ||   203
       Mephitic Cloud    |       |       |       |     8 |    64 ||    72
       Ozocubu's Armour  |       |       |       |       |    19 ||    19
Invok: Minor Destruction |       |       |       |     3 |       ||     3
       Lesser Servant of |       |       |       |       |     3 ||     3
       Greater Servant o |       |       |       |       |     1 ||     1
 Abil: End Transformatio |       |     2 |     7 |    21 |    22 ||    52
  Use: Scroll            |     8 |     2 |     7 |     5 |    20 ||    42
       Potion            |       |       |     5 |     4 |     5 ||    14
 Stab: Sleeping          |       |     1 |     4 |     3 |    21 ||    29
       Distracted        |       |       |     1 |     2 |     6 ||     9
       Confused          |       |       |       |     6 |    23 ||    29
       Fleeing           |       |       |       |       |     1 ||     1
  Eat: Chunk             |     5 |     9 |    28 |    49 |    72 ||   163
       Fruit             |       |       |       |     2 |     1 ||     3
